 Dungeon Crawl Stone Soup version 0.20.1-1-g8b1a95d (webtiles) character file.

96714 Mesmaeker13 the Unseen (level 16, -4/76 HPs)
             Began as a Vine Stalker Assassin on July 19, 2017.
             Was the Champion of Yredelemnul.
             Killed from afar by a shock serpent (30 damage)
             ... with a bolt of electricity
             ... on level 3 of the Snake Pit.
             The game lasted 01:59:21 (26628 turns).

Mesmaeker13 the Unseen (Vine Stalker Assassin)     Turns: 26628, Time: 01:59:24

Health: -4/76      AC: 10    Str: 14    XL:     16   Next: 17%
Magic:  0/24       EV: 26    Int: 13    God:    Yredelemnul [******]
Gold:   1024       SH:  8    Dex: 32    Spells: 8/15 levels left

rFire    . . .     SeeInvis .   I - +10 rapier "Issimi" {pierce, Dex+6}
rCold    . . .     Gourm    .   K - +0 buckler
rNeg     . . .     Faith    .   x - +2 robe {MR+}
rPois    +         Spirit   +   U - +0 helmet
rElec    .         Reflect  .   E - +1 cloak of the Cricket {+Fly MR+}
rCorr    .         Harm     .   o - +1 pair of gloves {archery}
MR       ++++.                  k - +0 pair of boots
Stlth    ++++++++..             (no amulet)
Regen    1.1/turn               B - +5 ring of dexterity
MPRegen  0.2/turn               u - ring of poison resistance

@: no status effects
A: fangs 3, regeneration 2, magic shield, antimagic bite, no potion heal 3, rot
immunity
a: Recall Undead Slaves, Injury Mirror, Animate Dead, Drain Life, Enslave Soul,
Renounce Religion, Evoke Flight


You were on level 3 of the Snake Pit.
You worshipped Yredelemnul.
Yredelemnul was exalted by your worship.
You were not hungry.

You visited 5 branches of the dungeon, and saw 24 of its levels.
You also visited: Ice Cave.

You collected 2640 gold pieces.
You spent 1616 gold pieces at shops.

Inventory:

Hand Weapons
 f - a +7 vampiric dagger
 s - the +4 war axe "Xom's Capriciousness" {elec, rElec rPois rF- rC+ rN+, unknown}
   (You found it on level 1 of the Snake Pit)

   Occasionally, upon striking a foe, it will discharge some electrical energy
   and cause terrible harm.
   It makes you vulnerable to fire.
   It protects you from cold.
   It insulates you from electricity.
   It protects you from poison.
   It protects you from negative energy.
 I - the +10 rapier "Issimi" (weapon) {pierce, Dex+6}
   (You bought it in a shop on level 5 of the Dungeon)

   It inflicts extra damage upon your enemies.
   It affects your dexterity (+6).
Missiles
 a - 3 tomahawks of returning
 F - 4 silver javelins
 G - 48 tomahawks
 V - a poisoned javelin (quivered)
Armour
 k - a +0 pair of boots (worn)
 o - a +1 pair of gloves of archery (worn)
 x - a +2 robe of magic resistance (worn)
 E - the +1 cloak of the Cricket (worn) {+Fly MR+}
   (You found it on level 6 of the Lair of Beasts)

   It affects your resistance to hostile enchantments.
   It lets you fly.
 K - a +0 buckler (worn)
 U - a +0 helmet (worn)
Jewellery
 r - an uncursed amulet of rage
 u - a ring of poison resistance (right hand)
 B - a +5 ring of dexterity (left hand)
 C - an uncursed ring of protection from magic
 W - an uncursed ring of protection from cold
Wands
 w - a wand of clouds (3/9)
 y - a wand of lightning (10/15)
 N - a wand of lightning (3/15)
 T - a wand of iceblast (0/15)
Scrolls
 d - 2 scrolls of recharging
 e - a scroll of holy word {unknown}
 h - 3 scrolls of remove curse
 j - 2 scrolls of magic mapping
 m - 7 scrolls of teleportation
 n - 2 scrolls of fog
 p - 2 scrolls of blinking
 z - a scroll of amnesia
 J - a scroll of summoning {unknown}
 P - 5 scrolls of enchant armour
 Q - a scroll of fear
 X - 2 scrolls of vulnerability {unknown}
Potions
 b - a potion of lignification {unknown}
 c - 2 potions of haste
 q - 3 potions of agility
 t - 9 potions of curing
 A - a potion of magic
 D - 6 potions of invisibility
 R - 4 potions of flight {unknown}
 S - a potion of might {unknown}
Comestibles
 g - 4 bread rations
 i - 4 meat rations
 l - a chunk of flesh
 v - 6 fruits


   Skills:
 - Level 5.1 Fighting
 + Level 10.5(10.8) Short Blades
   Level 3.8(7.8) Long Blades
 - Level 11.1 Throwing
 - Level 11.3 Dodging
 + Level 17.1 Stealth
 - Level 5.0 Shields
 + Level 3.4 Hexes
 + Level 3.4 Charms
 + Level 3.1 Translocations
 - Level 9.3 Invocations


You had 8 spell levels left.
You knew the following spells:

 Your Spells              Type           Power        Failure   Level  Hunger
a - Slow                  Hex            #.......     12%         2    ###....
b - Confuse               Hex            #.......     24%         3    ####...
c - Shroud of Golubria    Chrm/Tloc      #.........   12%         2    ###....


Dungeon Overview and Level Annotations

Branches:
Dungeon (12/15)            Temple (1/1) D:7            Lair (6/6) D:9
  Swamp (0/4) Lair:4        Snake (3/4) Lair:2        Slime (0/5) Lair:5
    Orc (2/2) D:12            Elf (0/3) Orc:2

Altars:
Ashenzari
Cheibriados
Dithmenos
Elyvilon
Fedhas
Gozag
Hepliaklqana
Kikubaaqudgha
Makhleb
Nemelex Xobeh
Okawaru
Qazlal
Ru
Sif Muna
Trog
Uskayaw
Vehumet
Xom
Yredelemnul
Zin
The Shining One
Beogh
Jiyva

Shops:
D:5 (   D:8 [   Orc:2 :(:(?

Annotations:
Lair:2 exclusion: 3 oklob plants


Innate Abilities, Weirdness & Mutations

You have razor-sharp teeth.
You heal very quickly.
When hurt, damage is shared between your health and your magic reserves.
Your bite disrupts and absorbs the magic of your enemies.
Potions cannot restore your health.
You are immune to rotting.


Message History

You swap places.
The black mamba bites your phantasmal warrior but does no damage.
Your phantasmal warrior hits the black mamba!
Your skeletal warrior hits the salamander with a trident!!
Your ghoul completely misses the salamander.
Your ghoul claws the salamander.
The black mamba closely misses your phantasmal warrior.
The black mamba closely misses your phantasmal warrior.
Your ghoul claws the salamander!!
The salamander dies!
Yredelemnul accepts your kill.
Your skeletal warrior completely misses the naga.
Your flayed ghost misses the naga.
Your ghoul closely misses the naga.
Your ghoul claws the naga!
The shock serpent shoots out a bolt of lightning at you!
The bolt of electricity hits your ghoul.
The bolt of electricity hits your skeletal warrior.
The bolt of electricity hits you!
You die...
Your body rises from the dead as a mindless zombie.

##### #######
.....##.....##
....N........##
.........@....#
..............#
.....NWzn.W...#
.N....n).WS...#
N.............#
..............#
.............##
...S..#.....##
..#.#.#######


You could see a shock serpent, a black mamba, 2 nagas, 2 friendly ghouls, a
friendly skeletal warrior, 2 friendly flayed ghosts and a friendly phantasmal
warrior.

Vanquished Creatures
  Nikola (Snake:2)
  Agnes (Snake:2)
  Snorg (Lair:5)
  Fannar (Lair:3)
  2 ogre magi
  The ghost of valak24 the Carver, a journeyman DrBe of Trog (D:11)
  Josephine (D:12)
  8 hydras
  2 ice dragons (D:11)
  2 centaur warriors
  2 death yaks
  2 anacondas
  3 shock serpents
  4 naga sharpshooters (Snake:1)
  The ghost of spiff the Skirmisher, a novice OpTm of Cheibriados (D:7)
  A naga ritualist (Snake:2)
  3 mana vipers (Snake:2)
  4 orc sorcerers
  3 salamanders
  2 centaur zombies
  Maurice (Orc:1)
  14 black mambas
  3 ice statues (D:11)
  Joseph (D:8)
  3 elephants (Lair:6)
  2 naga magi (Snake:1)
  2 molten gargoyles (Lair:4)
  Psyche (D:8)
  A gargoyle (D:10)
  7 rime drakes
  14 spiny frogs
  5 komodo dragons
  2 trolls
  21 polar bears
  4 hornets
  A queen bee (D:9)
  11 dream sheep
  22 blink frogs
  12 hippogriffs
  10 spriggans (Lair:6)
  39 yaks
  3 wyverns (Lair:5)
  6 wraiths
  6 basilisks (Lair:5)
  A hungry ghost (D:8)
  A steam dragon (Lair:4)
  2 vampire mosquitoes (Lair:4)
  A warg (D:12)
  6 nagas
  A soldier ant (D:10)
  16 water moccasins
  13 ice beasts (D:11)
  7 porcupines
  6 black bears
  6 orc warriors
  5 sky beasts
  8 ogres
  6 phantoms
  25 wolves
  3 boggarts (Lair:6)
  3 centaurs
  13 crocodiles
  9 big kobolds
  18 bullfrogs
  4 scorpions
  11 killer bees (D:9)
  5 wights (D:10)
  6 electric eels
  3 crimson imps
  5 lava snakes (Lair:4)
  A quasit (D:10)
  3 jellies
  9 orc priests
  2 bullfrog skeletons
  5 hounds
  21 orc wizards
  3 centaur skeletons
  15 worker ants
  A bullfrog simulacrum (D:11)
  10 adders
  4 gnolls
  5 shadow imps
  13 white imps
  An ooze (D:4)
  An ufetubus (D:11)
  3 adder zombies
  2 worms
  3 dart slugs
  4 leopard geckos
  53 orcs
  3 ball pythons
  10 bats
  4 giant cockroaches
  5 goblins
  7 hobgoblins
  15 jackals
  31 kobolds
  4 quokkas
  6 frilled lizards
  A jackal zombie (D:5)
  2 rats
  2 butterflies (D:7)
  A plant (Lair:6)
670 creatures vanquished.

Vanquished Creatures (collateral kills)
  A frost giant (IceCv)
  The ghost of valak24 the Spear-Bearer, a journeyman DrBe of Trog (Lair:2)
  The ghost of Monsterracer the Cleaver, a journeyman DsGl of Makhleb (D:11)
  Erolcha (Orc:1)
  2 death yaks (Lair:5)
  2 shock serpents
  An ogre mage (Orc:2)
  4 naga sharpshooters
  4 spriggans (Lair:6)
  Nergalle (Orc:2)
  An orc knight (Orc:2)
  A mana viper (Snake:1)
  A cyclops (Orc:2)
  4 orc sorcerers (Orc:2)
  2 salamanders
  2 elephants (Lair:5)
  A naga mage (Snake:2)
  An ice statue (D:11)
  5 black mambas
  A spiny frog (Lair:5)
  A komodo dragon (Lair:6)
  2 hornets (Lair:6)
  3 polar bears
  3 blink frogs
  3 hippogriffs
  9 yaks
  6 wyverns
  2 basilisks
  2 wargs (Orc:2)
  A water moccasin (Lair:2)
  5 nagas
  3 porcupines
  8 orc warriors
  A black bear (Lair:6)
  3 ice beasts (D:11)
  An ogre (Orc:2)
  13 wolves
  3 crocodiles (Lair:6)
  A bullfrog (D:12)
  An electric eel (Lair:2)
  A jelly (D:12)
  6 orc priests
  16 orc wizards
  3 gnolls (Orc:2)
  19 orcs
  5 kobolds (D:12)
  7 fungi
  3 plants
168 creatures vanquished.

Vanquished Creatures (others)
  A vampire knight (Snake:2)
  A skeletal warrior (Snake:1)
  A flayed ghost (D:11)
  A death yak zombie (IceCv)
  6 flying skulls
  3 vampires
  4 black mamba zombies
  A yak (Lair:1)
  A wyvern (D:9)
  2 wraiths (Lair:6)
  A spiny frog zombie (Lair:6)
  A dream sheep zombie (Lair:5)
  4 hornet zombies (Lair:6)
  4 naga zombies (Snake:1)
  7 blink frog zombies
  A blink frog skeleton (Lair:6)
  A rime drake zombie (Lair:5)
  A hippogriff zombie (Lair:6)
  A rime drake skeleton (Lair:5)
  A komodo dragon zombie (Lair:6)
  A wyvern zombie (Lair:5)
  A spriggan zombie (Lair:6)
  7 polar bear zombies
  8 yak zombies
  5 wights
  8 wolf zombies
  A basilisk zombie (Lair:5)
  3 bullfrog zombies
  An ogre zombie (Orc:2)
  6 orc zombies
  A jackal (D:8)
  9 fungi
  6 plants
100 creatures vanquished.

Grand Total: 938 creatures vanquished

Notes
Turn   | Place    | Note
-------+----------+-------------------------------------------
     0 | D:1      | Mesmaeker13 the Vine Stalker Assassin began the quest for the Orb.
     0 | D:1      | Reached XP level 1. HP: 11/11 MP: 2/2
   369 | D:1      | Reached skill level 1 in Dodging
   369 | D:1      | Reached XP level 2. HP: 2/15 MP: 3/3
   981 | D:1      | Reached XP level 3. HP: 18/18 MP: 4/4
  1179 | D:2      | Found a blossoming altar of Fedhas.
  1188 | D:2      | Reached skill level 5 in Stealth
  2264 | D:3      | Gained mutation: Your natural rate of healing is unusually fast. [Vine Stalker growth]
  2264 | D:3      | Reached XP level 4. HP: 17/23 MP: 3/5
  2837 | D:4      | Reached XP level 5. HP: 15/26 MP: 6/6
  3338 | D:4      | Noticed a phantom
  3347 | D:4      | Noticed a phantom
  3353 | D:4      | Killed a phantom
  3353 | D:4      | Reached skill level 6 in Stealth
  3353 | D:4      | Reached XP level 6. HP: 30/30 MP: 7/7
  3506 | D:4      | Killed a phantom
  3683 | D:4      | Noticed a phantom
  3688 | D:4      | Killed a phantom
  3688 | D:4      | Reached XP level 7. HP: 28/34 MP: 6/8
  3961 | D:5      | Entered Level 5 of the Dungeon
  4190 | D:5      | Found Nionkij's Weapon Boutique.
  4301 | D:5      | Reached skill level 7 in Stealth
  5012 | D:6      | Gained mutation: You have razor-sharp teeth. [Vine Stalker growth]
  5012 | D:6      | Reached XP level 8. HP: 38/38 MP: 9/9
  5452 | D:6      | Reached skill level 8 in Stealth
  5825 | D:6      | Found a snail-covered altar of Cheibriados.
  6030 | D:6      | Found a hazy altar of Hepliaklqana.
  6151 | D:7      | Reached skill level 5 in Throwing
  6189 | D:6      | Reached skill level 5 in Short Blades
  6279 | D:7      | Noticed Joseph
  6305 | D:7      | Found a shimmering altar of Xom.
  6422 | D:7      | Reached XP level 9. HP: 42/42 MP: 10/10
  6480 | D:8      | Noticed Psyche
  6484 | D:8      | Killed Psyche
  6484 | D:8      | Reached skill level 9 in Stealth
  6530 | D:8      | Found Ymivepo's Armour Shoppe.
  6576 | D:8      | Reached skill level 5 in Dodging
  7403 | D:8      | HP: 2/42 [electric eel/bolt of electricity (15)]
  8064 | D:9      | Reached skill level 10 in Stealth
  8185 | D:9      | Reached XP level 10. HP: 46/46 MP: 11/11
  8197 | D:9      | Found a staircase to the Lair.
  8335 | D:9      | Got a brightly glowing halberd
  8559 | D:8      | Killed Joseph
  8774 | D:7      | Identified the cursed +0 halberd "Dragonbane" {elec, rPois Dex+3} (You found it on level 9 of the Dungeon)
  8846 | D:7      | Found a shattered altar of Ashenzari.
  8846 | D:7      | Found a deep blue altar of Sif Muna.
  8846 | D:7      | Found a snail-covered altar of Cheibriados.
  8848 | D:7      | Noticed an ogre mage
  8915 | D:7      | Noticed spiff's ghost (novice OpTm)
  8949 | D:7      | Noticed a centaur warrior
  8950 | D:7      | Found a transporter.
  8966 | D:7      | Found a transporter.
  9017 | D:7      | Killed spiff's ghost
  9017 | D:7      | Reached skill level 11 in Stealth
  9080 | D:7      | Found a staircase to the Ecumenical Temple.
  9145 | Temple   | Entered the Ecumenical Temple
  9289 | Temple   | Became a worshipper of Yredelemnul the Dark
  9383 | D:8      | Bought a cursed +0 pair of boots for 16 gold pieces
  9383 | D:8      | Bought a +2 robe of magic resistance for 194 gold pieces
  9614 | Lair:1   | Entered Level 1 of the Lair of Beasts
  9677 | Lair:1   | Noticed a spiny frog
  9698 | Lair:1   | Killed a spiny frog
  9922 | D:9      | Reached XP level 11. HP: 47/50 MP: 12/12
 10549 | D:9      | Reached * piety under Yredelemnul
 10644 | D:9      | Reached skill level 1 in Shields
 10717 | D:9      | Noticed a three-headed hydra
 10725 | D:9      | Killed a one-headed hydra
 10725 | D:9      | Reached skill level 12 in Stealth
 10762 | D:10     | Entered Level 10 of the Dungeon
 11620 | D:10     | Reached ** piety under Yredelemnul
 12749 | Lair:2   | Gained mutation: You heal very quickly. [Vine Stalker growth]
 12749 | Lair:2   | Reached XP level 12. HP: 54/54 MP: 13/13
 12770 | Lair:2   | Reached skill level 1 in Invocations
 12988 | Lair:2   | Found a staircase to the Snake Pit.
 13078 | Lair:2   | Reached *** piety under Yredelemnul
 13087 | Lair:2   | Noticed valak24's ghost (journeyman DrBe)
 13255 | Lair:2   | Reached skill level 13 in Stealth
 13292 | Lair:2   | Noticed an eight-headed hydra
 13304 | Lair:2   | Killed a six-headed hydra
 13312 | Lair:2   | Received a gift from Yredelemnul (4 flying skulls)
 13645 | Lair:2   | Killed valak24's ghost
 14093 | Lair:3   | Received a gift from Yredelemnul (a wight)
 14107 | Lair:3   | Reached skill level 5 in Shields
 14304 | Lair:3   | Noticed Fannar
 14310 | Lair:3   | Noticed a four-headed hydra
 14561 | Lair:3   | Killed Fannar
 14567 | Lair:3   | Killed a one-headed hydra
 15394 | Lair:4   | Reached skill level 10 in Throwing
 15424 | Lair:4   | Found a staircase to the Swamp.
 15443 | Lair:4   | Reached XP level 13. HP: 58/58 MP: 17/17
 15617 | Lair:4   | Reached skill level 5 in Invocations
 15926 | Lair:4   | Reached skill level 14 in Stealth
 16081 | Lair:5   | Found a frozen archway.
 16103 | Lair:5   | Reached **** piety under Yredelemnul
 16144 | IceCv    | Entered an ice cave
 16180 | IceCv    | Received a gift from Yredelemnul (a wight)
 16436 | IceCv    | Received a gift from Yredelemnul (a wight)
 16589 | IceCv    | Received a gift from Yredelemnul (a wight)
 16661 | IceCv    | Noticed a frost giant
 16781 | IceCv    | Killed a frost giant
 17174 | Lair:5   | Reached ***** piety under Yredelemnul
 17194 | Lair:5   | Found a viscous altar of Jiyva.
 17194 | Lair:5   | Found a staircase to the Slime Pits.
 17266 | Lair:5   | Received a gift from Yredelemnul (a wight)
 17343 | Lair:5   | Reached XP level 14. HP: 62/62 MP: 16/20
 17434 | Lair:5   | Reached skill level 15 in Stealth
 17503 | Lair:5   | Noticed Snorg
 17510 | Lair:5   | Killed Snorg
 17510 | Lair:5   | Reached skill level 10 in Dodging
 17706 | Lair:5   | Received a gift from Yredelemnul (a vampire)
 17926 | Lair:5   | You fall through a shaft!
 17926 | Lair:6   | Entered Level 6 of the Lair of Beasts
 18421 | Lair:5   | Received a gift from Yredelemnul (a wraith)
 18637 | Lair:6   | Reached skill level 10 in Short Blades
 18711 | Lair:6   | Received a gift from Yredelemnul (2 flying skulls)
 19039 | Lair:6   | Received a gift from Yredelemnul (a wraith)
 19256 | Lair:6   | Got a crude cloak
 19267 | Lair:6   | Identified the +1 cloak of the Cricket {+Fly MR+} (You found it on level 6 of the Lair of Beasts)
 19342 | Lair:6   | Received a gift from Yredelemnul (a vampire)
 19718 | Lair:6   | Reached ****** piety under Yredelemnul
 19719 | Lair:6   | Received a gift from Yredelemnul (a flayed ghost)
 19765 | Lair:6   | Reached skill level 1 in Long Blades
 20070 | Lair:1   | Learned a level 2 spell: Slow
 20224 | D:7      | Reached skill level 16 in Stealth
 20224 | D:7      | Reached XP level 15. HP: 31/68 MP: 18/22
 20529 | D:11     | Received a gift from Yredelemnul (a vampire)
 20617 | D:11     | Noticed valak24's ghost (journeyman DrBe)
 20636 | D:11     | Killed valak24's ghost
 20649 | D:11     | Noticed Monsterracer's ghost (journeyman DsGl)
 20709 | D:11     | Killed Monsterracer's ghost
 21536 | D:11     | Received a gift from Yredelemnul (a phantasmal warrior)
 21867 | D:12     | Noticed Josephine
 21901 | D:12     | Killed Josephine
 22278 | D:12     | Received a gift from Yredelemnul (a ghoul)
 22387 | D:12     | Found a staircase to the Orcish Mines.
 22453 | Orc:1    | Entered Level 1 of the Orcish Mines
 22458 | Orc:1    | Noticed Erolcha
 22461 | Orc:1    | Noticed Maurice
 22471 | Orc:1    | Killed Erolcha
 22485 | Orc:1    | Killed Maurice
 22579 | Orc:1    | Found a roughly hewn altar of Beogh.
 22615 | Orc:1    | Received a gift from Yredelemnul (a vampire knight)
 22795 | Orc:2    | Entered Level 2 of the Orcish Mines
 22891 | Orc:2    | Found Nuisin's Book Emporium.
 22973 | Orc:2    | Found a staircase to the Elven Halls.
 23138 | Orc:2    | Received a gift from Yredelemnul (a skeletal warrior)
 23280 | Orc:2    | Received a gift from Yredelemnul (a flayed ghost)
 23294 | Orc:2    | Found Nirha's Book Emporium.
 23328 | Orc:2    | Found an ancient bone altar of Kikubaaqudgha.
 23329 | Orc:2    | Noticed Nergalle
 23335 | Orc:2    | Reached skill level 5 in Fighting
 23342 | Orc:2    | Killed Nergalle
 23360 | Orc:2    | Found a radiant altar of Vehumet.
 23415 | Orc:2    | Found Onaipn's Antique Weapon Emporium.
 23415 | Orc:2    | Found a roughly hewn altar of Beogh.
 23420 | Orc:2    | Received a gift from Yredelemnul (a flayed ghost)
 23441 | Orc:2    | Found Jegurra's Magic Scroll Shoppe.
 23460 | Orc:2    | Bought a scroll of identify for 24 gold pieces
 23460 | Orc:2    | Bought a scroll of identify for 24 gold pieces
 23530 | Orc:2    | Found Badaniam's Antique Weapon Shoppe.
 23780 | Orc:2    | Bought a book of Misfortune for 300 gold pieces
 23785 | Orc:2    | Learned a level 3 spell: Confuse
 24112 | Snake:1  | Entered Level 1 of the Snake Pit
 24324 | Snake:1  | Received a gift from Yredelemnul (a skeletal warrior)
 24356 | Snake:1  | Learned a level 2 spell: Shroud of Golubria
 24466 | Snake:1  | Reached skill level 1 in Hexes
 24602 | Snake:1  | Reached skill level 1 in Translocations
 24769 | Snake:1  | Reached skill level 1 in Charms
 24776 | Snake:1  | Got a bloodstained war axe
 25595 | D:5      | Bought the +10 rapier "Issimi" {pierce, Dex+6} for 1058 gold pieces
 26390 | Snake:2  | Noticed Nikola
 26400 | Snake:2  | Killed Nikola
 26400 | Snake:2  | Reached skill level 17 in Stealth
 26400 | Snake:2  | Reached XP level 16. HP: 76/76 MP: 22/24
 26571 | Snake:2  | Noticed Agnes
 26572 | Snake:2  | Received a gift from Yredelemnul (a ghoul)
 26579 | Snake:2  | Killed Agnes
 26628 | Snake:3  | Killed from afar by a shock serpent

Skill      XL: |  1  2  3  4  5  6  7  8  9 10 11 12 13 14 15 16 |
---------------+-------------------------------------------------+-----
Throwing       | 2 3 4 5 6 7 9 10 11 | 11.1
Dodging        | 1 2 3 4 5 6 8 9 10 11 | 11.3
Short Blades   | 2 3 4 5 6 7 8 9 10 | 10.5
Stealth        | 5 6 7 8 10 11 12 13 14 16 17 | 17.1
Shields        | 3 5 |  5.0
Invocations    | 4 6 8 9 |  9.3
Fighting       | 3 5 |  5.1
Long Blades    | 1 3 |  3.8
Hexes          | 2 3 |  3.4
Translocations | 2 3 |  3.1
Charms         | 2 3 |  3.4

Action                   |  1- 3 |  4- 6 |  7- 9 | 10-12 | 13-15 | 16-18 || total
-------------------------+-------+-------+-------+-------+-------+-------++-------
Melee: Dagger            |    97 |    76 |   389 |  1006 |  2053 |       ||  3621
       Bite              |    21 |    29 |   149 |   440 |   971 |     4 ||  1614
       Falchion          |       |       |       |    84 |    90 |       ||   174
       Rapier            |       |       |       |       |    36 |    14 ||    50
 Fire: Blowgun           |     8 |       |    55 |     4 |       |       ||    67
Throw: Javelin           |       |       |     5 |    10 |    35 |       ||    50
       Throwing net      |       |       |       |     7 |       |       ||     7
       Tomahawk          |       |       |       |     1 |    36 |       ||    37
Invok: Animate Remains   |       |       |       |     1 |       |       ||     1
       Animate Dead      |       |       |       |     3 |    45 |     2 ||    50
       Injury Mirror     |       |       |       |     1 |     4 |       ||     5
       Recall Undead Sla |       |       |       |       |     8 |       ||     8
 Abil: Stop Flying       |       |       |       |       |     2 |       ||     2
       Evoke Flight      |       |       |       |       |     2 |       ||     2
Evoke: Wand              |       |     3 |    20 |    26 |    10 |       ||    59
       Box of beasts     |       |       |       |     1 |     1 |       ||     2
  Use: Scroll            |     2 |       |    11 |    12 |    11 |       ||    36
       Potion            |       |     6 |     1 |     1 |     4 |       ||    12
 Stab: Sleeping          |    10 |     4 |    13 |    32 |    46 |     4 ||   109
       Distracted        |       |       |     3 |     5 |    27 |     1 ||    36
       Confused          |       |       |     5 |     3 |     5 |       ||    13
       Held in net/web   |       |       |       |     5 |       |       ||     5
       Paralysed         |       |       |       |       |     2 |       ||     2
  Eat: Chunk             |     3 |     4 |    12 |    20 |    33 |     1 ||    73
       Meat ration       |       |       |     1 |       |     3 |       ||     4
       Bread ration      |       |       |       |     4 |     3 |       ||     7
       Royal jelly       |       |       |       |     2 |       |       ||     2
       Fruit             |       |       |       |    12 |     4 |       ||    16
Armor: Robe              |    24 |     7 |    50 |   113 |   213 |     1 ||   408
Dodge: Dodged            |    51 |    45 |   210 |   599 |  1192 |    10 ||  2107
Block: Buckler           |       |       |       |   129 |   418 |     2 ||   549
       Rpst.: Falchion   |       |       |       |    11 |    21 |       ||    32
